 Dungeon Crawl Stone Soup version 0.31-a0-236-g9a0961fb85 (webtiles) character file.

Game seed: 13784949935050605415

569 qw the Shooter (level 7, -6/43 HPs)
             Began as a Gargoyle Hexslinger on July 10, 2023.
             Was an Initiate of Okawaru.
             Killed by divine providence
             ... invoked by an orc priest
              (11 damage)
             ... on level 5 of the Dungeon.
             The game lasted 00:01:36 (3272 turns).

qw the Shooter (Gargoyle Hexslinger)                Turns: 3272, Time: 00:01:36

Health: -6/43      AC: 14    Str: 15 (18) XL:     7   Next: 33%
Magic:  8/8        EV: 10    Int: 18 (20) God:    Okawaru [......]
Gold:   277        SH:  0    Dex: 13 (14) Spells: 7/8 levels left

rFire   . . .        Y - +2 sling
rCold   . . .        (no shield)
rNeg    + + .        k - +0 ring mail
rPois   inf          (no helmet)
rElec   +            (no cloak)
rCorr   .            a - +1 pair of gloves "Oraf" {*Slow Int+7 Slay+3}
SInv    .            c - +1 pair of boots {Fly}
Will    .....        (no amulet)
Stlth   +            b - +6 ring of strength
HPRegen 0.27/turn    j - ring of positive energy
MPRegen 0.11/turn

%: slow self (1%)
@: about to teleport, flying
A: sickness immunity, AC +4, negative energy resistance 1, electricity
resistance, torment resistance 1, petrification resistance
a: Renounce Religion


You were on level 5 of the Dungeon.
You worshipped Okawaru.
Okawaru was noncommittal.
You visited 1 branch of the dungeon, and saw 5 of its levels.

You collected 277 gold pieces.


Innate Abilities, Weirdness & Mutations

You are immune to sickness and miasma.
Your stone body is resilient. (AC +4)
You are immune to poison.
You resist negative energy. (rN+)
You are resistant to electric shocks. (rElec)
You are resistant to unholy torment.
You are immune to petrification.


   Skills:
 - Level 4.1 Fighting
 + Level 6.7 Ranged Weapons
 - Level 1.0 Armour
 - Level 1.5 Dodging
 - Level 1.0 Spellcasting
 - Level 2.6 Hexes


You had 7 spell levels left.
You knew the following spells:

 Your Spells              Type           Power      Damage    Failure   Level
a - Slow                  Hex            40%        N/A       13%         1

Your spell library contained the following spells:

 Spells                   Type           Power      Damage    Failure   Level
 Inner Flame              Hex/Fire       5%         N/A       56%         3
 Portal Projectile        Hex/Tloc       10%        N/A       56%         3
 Cause Fear               Hex            5%         N/A       78%         4

Inventory:

Hand Weapons
 Y - a +2 sling (weapon)
Armour
 a - the +1 pair of gloves "Oraf" (worn) {*Slow Int+7 Slay+3}
   (You acquired it on level 1 of the Dungeon)

   Int:       It affects your intelligence (+7).
   Slay:      It affects your accuracy & damage with ranged weapons and melee
   (+3).
   *Slow:     It may slow you when you take damage.
 c - a +1 pair of boots of flying (worn)
 k - a +0 ring mail (worn)
Jewellery
 b - a +6 ring of strength (left hand)
 j - a ring of positive energy (right hand)
Scrolls
 d - a scroll of identify
Potions
 f - a potion of might {unknown}
 g - a potion of lignification {unknown}
 i - a potion of curing {unknown}
 l - a potion of mutation {unknown}
 m - a potion of magic {unknown}

Dungeon Overview and Level Annotations

Branches:
Dungeon (5/15)
 Temple: D:4-7

Altars:
Ashenzari
Cheibriados
Nemelex Xobeh
Okawaru
Qazlal
Zin

Shops:
D:5 !

Annotations:
D:4 3 runed translucent doors, qw's ghost, amateur GrHs; qw's ghost, amateur MiHs


Message History

The phantom hits you but does no damage.
The orc priest barely misses you.
You shoot a sling bullet.
The sling bullet barely misses the phantom.
The sling bullet hits the orc priest!
The orc priest is severely wounded.
The phantom hits you but does no damage.
The orc priest hits you but does no damage.
You shoot a sling bullet. The sling bullet hits the phantom.
The phantom is heavily damaged.
The phantom barely misses you.
The orc priest calls down the wrath of Beogh upon you.
Beogh smites you!
You shoot a sling bullet.
The sling bullet closely misses the phantom.
The sling bullet hits the orc priest but does no damage.
The orc priest is severely wounded.
The phantom hits you but does no damage.
The orc priest barely misses you.
You shoot a sling bullet. The sling bullet hits the phantom.
The phantom is severely damaged.
The orc priest looks braver for a moment.
The orc priest completely misses you.
The phantom hits you but does no damage.
The phantom hits you.
The orc priest calls down the wrath of Beogh upon you.
Beogh smites you!
3271 ||| READING scroll of teleportation.
As you read the scroll of teleportation, it crumbles to dust.
You feel strangely unstable. The phantom misses you.
The orc priest looks encouraged for a moment.
The orc priest barely misses you.
You shoot a sling bullet.
The sling bullet hits the phantom but does no damage.
The phantom is severely damaged.
The phantom hits you but does no damage.
The orc priest mumbles some strange prayers to Beogh against you.
Beogh smites you!
You die...

#.............#
#.........
..............#
##.######. .#.#
#........# #.# .#
#........# #.# .#
#........# #.# .#
........#######.###
.#
..)oo.oo.......####
...
..o.##W###.......#
.#.# o #@#
#'#.....# ...#
#####.#####.# .#.#
##.........### .#.
###..#######..###
#_..###_._###.._#
###..##...##..###
##.........##
####...#### ##_##


You could see a phantom and 2 orc priests.

Vanquished Creatures
  Edmund (D:4)
  A phantom (D:5)
  A scorpion (D:5)
  A hound (D:4)
  A jelly (D:5)
  3 iguanas (D:4)
  An orc wizard (D:4)
  4 gnolls (D:3)
  2 ufetubi (D:5)
  5 dart slugs
  9 orcs
  4 bats
  7 endoplasms
  3 giant cockroaches
  11 goblins
  5 hobgoblins
  6 jackals
  7 kobolds
  4 quokkas
  10 ball pythons
  6 frilled lizards
  5 rats
97 creatures vanquished.

Notes
Turn   | Place    | Note
-------+----------+-------------------------------------------
     0 | D:1      | qw the Gargoyle Hexslinger began the quest for the Orb.
     0 | D:1      | Reached XP level 1. HP: 12/12 MP: 2/2
     0 | D:1      | 0 ||| qw: Version: 0.3-a-52-g30416fa
     0 | D:1      | 0 ||| qw: Game counter: 4732
     0 | D:1      | 0 ||| qw: Melee chars always use a shield: true
     0 | D:1      | 0 ||| qw: God list: Okawaru
     0 | D:1      | 0 ||| qw: Allow faded altars: false
     0 | D:1      | 0 ||| qw: Do Orc after clearing Dungeon:15 true
     0 | D:1      | 0 ||| qw: Do second Lair branch before Depths: true
     0 | D:1      | 0 ||| qw: Lair rune preference: random
     0 | D:1      | 0 ||| qw: Goals: Normal
     0 | D:1      | 0 ||| PLANNING D:1-11
   231 | D:1      | Reached XP level 2. HP: 16/16 MP: 3/3
   339 | D:1      | Reached skill level 3 in Ranged Weapons
   597 | D:1      | 597 ||| UPGRADING to +0 ring mail.
   607 | D:1      | 607 ||| DROPPING +0 robe.
   608 | D:1      | 608 ||| READING scroll labelled AMATED OSTROIJEN.
   609 | D:1      | 609 ||| READING scroll labelled NUSADYSK WEECS.
   612 | D:1      | 612 ||| READING scroll labelled PUFUIPNITIY.
   612 | D:1      | Identified a scroll of acquirement
   612 | D:1      | 612 ||| ACQUIRING +1 pair of gloves "Oraf" {*Slow Int+7
                  | Slay+3}
   612 | D:1      | Acquired the +1 pair of gloves "Oraf" {*Slow Int+7 Slay+3}
   614 | D:1      | 614 ||| UPGRADING to +1 pair of gloves "Oraf" {*Slow Int+7
                  | Slay+3}.
   619 | D:1      | 619 ||| READING scroll labelled YROYFI WAIHIQELAF.
   620 | D:1      | 620 ||| READING scroll labelled BIXEJU ONLOXT.
   621 | D:1      | 621 ||| READING scroll labelled MAUMAMUCRO.
   622 | D:1      | 622 ||| DRINKING 2 ruby potions.
   623 | D:1      | 623 ||| DROPPING scroll of poison.
   624 | D:1      | 624 ||| DROPPING potion of brilliance.
   647 | D:2      | Reached XP level 3. HP: 21/21 MP: 4/4
   878 | D:2      | Reached skill level 1 in Armour
   880 | D:2      | Found a faded altar of an unknown god.
  1099 | D:2      | 1099 ||| UPGRADING to +6 ring of strength.
  1100 | D:2      | 1100 ||| READING scroll labelled TACWY JIHIELIX.
  1101 | D:2      | 1101 ||| READING scroll labelled RAFFYT ROEL.
  1165 | D:3      | 1165 ||| READING scroll of acquirement.
  1165 | D:3      | 1165 ||| ACQUIRING +1 pair of boots of flying
  1165 | D:3      | Acquired a +1 pair of boots of flying
  1167 | D:3      | 1167 ||| UPGRADING to +1 pair of boots of flying.
  1207 | D:3      | Reached XP level 4. HP: 24/26 MP: 5/5
  1546 | D:3      | Reached skill level 4 in Ranged Weapons
  1689 | D:3      | Found a snail-covered altar of Cheibriados.
  1738 | D:3      | 1738 ||| READING 2 scrolls of identify.
  1738 | D:3      | 1738 ||| IDENTIFYING blue potion
  1739 | D:3      | 1739 ||| DROPPING potion of ambrosia.
  1862 | D:4      | Found a runed translucent gate.
  1863 | D:4      | Found a runed translucent gate.
  1864 | D:4      | Found a runed translucent gate.
  1865 | D:4      | Noticed qw's ghost (amateur MiHs)
  1866 | D:4      | Noticed qw's ghost (amateur GrHs)
  1979 | D:4      | Reached XP level 5. HP: 30/30 MP: 6/6
  2058 | D:4      | 2058 ||| FLEEEEING.
  2059 | D:4      | 2059 ||| FLEEEEING.
  2060 | D:4      | 2060 ||| FLEEEEING.
  2061 | D:4      | 2061 ||| FLEEEEING.
  2062 | D:4      | 2062 ||| FLEEEEING.
  2063 | D:4      | 2063 ||| FLEEEEING.
  2115 | D:4      | Found a glowing silver altar of Zin.
  2138 | D:4      | Noticed Edmund
  2154 | D:4      | Killed Edmund
  2155 | D:4      | Reached skill level 5 in Ranged Weapons
  2155 | D:4      | Reached XP level 6. HP: 11/35 MP: 7/7
  2277 | D:4      | Found an iron altar of Okawaru.
  2278 | D:4      | 2278 ||| PLANNING OKAWARU WORSHIP
  2278 | D:4      | 2278 ||| DROPPING ring of flight.
  2279 | D:4      | 2279 ||| READING scroll labelled LUYS DEQEMIMA.
  2287 | D:4      | Became a worshipper of Warmaster Okawaru
  2288 | D:4      | 2288 ||| PLANNING D:1-11
  2705 | D:4      | Reached skill level 3 in Fighting
  2739 | D:4      | Reached skill level 6 in Ranged Weapons
  3067 | D:4      | 3067 ||| UPGRADING to ring of positive energy.
  3068 | D:4      | 3068 ||| DRINKING 2 fizzy clear potions.
  3069 | D:4      | 3069 ||| DROPPING potion of degeneration.
  3096 | D:5      | Entered Level 5 of the Dungeon
  3105 | D:5      | Reached XP level 7. HP: 43/43 MP: 8/8
  3116 | D:5      | Found Cafun's Distillery.
  3221 | D:5      | Found a faded altar of an unknown god.
  3221 | D:5      | Found a sparkling altar of Nemelex Xobeh.
  3231 | D:5      | Found a stormy altar of Qazlal.
  3233 | D:5      | Found a faded altar of an unknown god.
  3236 | D:5      | Found a broken altar of Ashenzari.
  3257 | D:5      | 3257 ||| Stepping ~*~*~tactically~*~*~ (outnumbered).
  3259 | D:5      | 3259 ||| Stepping ~*~*~tactically~*~*~ (outnumbered).
  3270 | D:5      | HP: 4/43 [orc priest/divine providence (12)]
  3271 | D:5      | 3271 ||| READING scroll of teleportation.
  3272 | D:5      | Killed from afar by an orc priest

Levels and vault maps discovered:
D:1:      lemuel_arrival_funnel, layout_loops_ring
D:2:      layout_loops_cross, hellmonk_ecumenical_altar_dog_temple
D:3:      layout_basic, chei_slow_surprise
D:4:      minmay_recursive_quarters, layout_basic, general_overflow_altar,
          mainiacjoe_overflow_cross_hatched, gammafunk_ghost_cemetery,
          uniq_edmund
D:5:      layout_basic, chequers_temple_overflow_minitemple, serial_shops,
          nicolae_take_the_stairs, kennysheep_generic_room_6

Skill      XL: |  1  2  3  4  5  6 |
---------------+-------------------+-----
Ranged Weapons | 3 4 5 6 |  6.7
Fighting       | 2 4 |  4.1
Armour         | 1 |  1.0
Dodging        | |  1.5
Spellcasting   | |  1.0
Hexes          | |  2.6

Action                     |  1- 3 |  4- 6 |  7- 9 || total
---------------------------+-------+-------+-------++-------
   Fire: Sling             |   123 |   149 |    49 ||   321
    Use: Scroll            |     9 |     2 |     1 ||    12
         Potion            |     1 |     1 |       ||     2
 Armour: Robe              |     5 |       |       ||     5
         Ring mail         |    19 |    37 |    19 ||    75
  Dodge: Dodged            |    32 |    40 |    23 ||    95

Table legend:
 A = Non-vault XP
 B = Vault XP
 C = Vault XP percentage of total XP
 D = Non-vault monster count
 E = Vault monster count
 F = Vault count percentage of total count
                 A         B        C        D         E       F
            +---------+---------+-------+---------+---------+-------
      Total |     632 |     182 |  22.4 |      84 |      13 |  13.4
            +---------+---------+-------+---------+---------+-------
        D:1 |      33 |       0 |   0.0 |      18 |       0 |   0.0
        D:2 |      20 |       6 |  23.1 |      13 |       3 |  18.8
        D:3 |     102 |       0 |   0.0 |      26 |       0 |   0.0
        D:4 |     218 |     176 |  44.7 |      18 |      10 |  35.7
        D:5 |     259 |       0 |   0.0 |       9 |       0 |   0.0
            +---------+---------+-------+---------+---------+-------
